[Event "Late Titled Tuesday Blitz February 8 2022"]
[White "Pinheiro, Iung Alicio de O."]
[Black "Wan, Joseph"]
[WhiteFideId "2104350"]
[BlackFideId "2069890"]
[WhiteElo "2603"]
[BlackElo "2149"]
[Result "0-1"]
[Round "10"]
[TimeControl "180+1"]
[Date "2022.02.08"]
[WhiteClock "0:00:05"]
[BlackClock "0:01:16"]

1. e4 e6 2. d4 d5 3. Nd2 Nf6 4. Bd3 c5 5. e5 Nfd7 6. c3 Nc6 7. Ngf3 f6 8. exf6 Nxf6 9. O-O cxd4 10. cxd4 Bd6 11. Re1 O-O 12. Nf1 Bd7 13. Bg5 h6 14. Bh4 Qb6 15. Bg3 Bxg3 16. Nxg3 Ng4 17. Qd2 Rxf3 18. gxf3 Nxd4 19. Re3 Nxe3 20. Qxe3 Rf8 21. f4 e5 22. fxe5 Rf3 23. Qd2 Rxg3+ 0-1


[Site "https://www.chess.com"]

[Event "Late Titled Tuesday Blitz February 8 2022"]
[White "Plotkin, Mark"]
[Black "Demchenko, Anton"]
[WhiteFideId "2611651"]
[BlackFideId "4160258"]
[WhiteElo "2178"]
[BlackElo "2539"]
[Result "1-0"]
[Round "10"]
[TimeControl "180+1"]
[Date "2022.02.08"]
[WhiteClock "0:00:06"]
[BlackClock "0:00:01"]

1. e4 e5 2. Nf3 Nc6 3. c3 Nf6 4. d4 d6 5. Bd3 Be7 6. h3 O-O 7. d5 Nb8 8. O-O a5 9. a4 Na6 10. Bc2 Nc5 11. Re1 b6 12. b4 Nb7 13. Nbd2 g6 14. Nc4 Bd7 15. Ne3 Kh8 16. Bd2 Qe8 17. Nh2 Ng8 18. f4 exf4 19. Neg4 f6 20. Bxf4 Nd8 21. Nf3 Nf7 22. Nd4 Ne5 23. Ne6 Bxe6 24. dxe6 c6 25. Qd4 Qc8 26. Qxb6 Qxe6 27. Qd4 Nxg4 28. hxg4 Qxg4 29. Rf1 Rfc8 30. Bb3 c5 31. bxc5 d5 32. Bd6 Bxd6 33. cxd6 Qxe4 34. Qxe4 dxe4 35. Bd5 Ra7 36. c4 f5 37. Rfc1 Rc5 38. Rab1 Nf6 39. Rb8+ Kg7 40. Rb5 Rxb5 41. axb5 Nxd5 42. cxd5 Rd7 43. Rc7 Kf6 44. Rxd7 a4 45. Ra7 e3 46. Kf1 1-0


[Site "https://www.chess.com"]

[Event "Late Titled Tuesday Blitz February 8 2022"]
[White "Postnikov, Daniil"]
[Black "Li, Ben"]
[WhiteFideId "4166329"]
[BlackFideId "2089980"]
[WhiteElo "2261"]
[BlackElo "2267"]
[Result "0-1"]
[Round "10"]
[TimeControl "180+1"]
[Date "2022.02.08"]
[WhiteClock "0:00:05"]
[BlackClock "0:00:09"]

1. e4 c5 2. Nf3 d6 3. Bb5+ Nd7 4. d4 cxd4 5. Qxd4 a6 6. Bxd7+ Bxd7 7. c4 e5 8. Qd3 h6 9. Nc3 Nf6 10. O-O Be7 11. a4 O-O 12. b3 Be6 13. Ba3 Qc7 14. Rfd1 Rfd8 15. Nd2 Rac8 16. Nf1 Qb8 17. Ne3 Bf8 18. f3 g6 19. a5 Nd7 20. Ned5 f5 21. Qe3 Re8 22. Na4 Rcd8 23. Nab6 Bg7 24. Rd2 Kh7 25. Rad1 Nxb6 26. axb6 h5 27. Nc7 Bh6 28. Qe2 Bxd2 29. Qxd2 fxe4 30. Nxe8 Rxe8 31. Bxd6 Qd8 32. fxe4 Qxb6+ 33. c5 Qxb3 34. Bxe5 Qc4 35. Qe3 Bf7 36. Bd4 Qb3 37. Qd2 Rxe4 38. h3 Qe6 39. Kh1 Re2 40. Qf4 Re1+ 41. Rxe1 Qxe1+ 42. Kh2 Qe7 43. Be3 Be8 44. Bd4 Kg8 45. Bf6 Qd7 46. Be5 Qf7 47. Qd4 Bc6 48. Qd8+ Qf8 49. Qd6 Qxd6 50. Bxd6 Kf7 51. Bc7 Ke6 52. g3 Kd5 53. Bb6 a5 54. Bxa5 Kxc5 55. Bd2 Kc4 56. g4 hxg4 57. hxg4 b5 58. Kg3 b4 59. Kf4 b3 60. Bc1 Kd3 61. Kg5 Be4 62. Ba3 Kc2 0-1


[Site "https://www.chess.com"]

[Event "Late Titled Tuesday Blitz February 8 2022"]
[White "Potapova, Margarita"]
[Black "Ozen, Deniz"]
[WhiteFideId "14126869"]
[BlackFideId "6349196"]
[WhiteElo "2209"]
[BlackElo "2326"]
[Result "0-1"]
[Round "10"]
[TimeControl "180+1"]
[Date "2022.02.08"]
[WhiteClock "0:00:12"]
[BlackClock "0:02:00"]

1. d4 d5 2. c4 c6 3. Nf3 Nf6 4. g3 g6 5. Bg2 Bg7 6. b3 O-O 7. Bb2 a5 8. Nc3 Bg4 9. O-O Nbd7 10. Ne5 Be6 11. e3 Nxe5 12. dxe5 Nd7 13. cxd5 cxd5 14. Nxd5 Nxe5 15. Nf4 Bg4 16. Qxd8 Rfxd8 17. Bxb7 Rab8 18. Bg2 Nf3+ 19. Bxf3 Bxf3 20. Bxg7 Kxg7 21. Rfc1 Rd2 22. Kf1 Rbd8 23. Nh3 Rb2 24. Ng1 Rdd2 25. Nxf3 Rxf2+ 26. Kg1 Rxf3 27. Rf1 Rxe3 28. Rf2 Ree2 29. Rxe2 Rxe2 30. a4 Rb2 31. Ra3 e5 32. Kf1 f5 33. Ke1 e4 34. Kd1 Kf6 35. Kc1 Rxh2 36. b4 axb4 37. Rb3 Ra2 38. Rxb4 e3 0-1


[Site "https://www.chess.com"]

[Event "Late Titled Tuesday Blitz February 8 2022"]
[White "Pranav, V"]
[Black "Deac, Bogdan-Daniel"]
[WhiteFideId "25060783"]
[BlackFideId "1226380"]
[WhiteElo "2349"]
[BlackElo "2646"]
[Result "0-1"]
[Round "10"]
[TimeControl "180+1"]
[Date "2022.02.08"]
[WhiteClock "0:00:01"]
[BlackClock "0:00:05"]

1. e4 e5 2. Nf3 Nc6 3. Nc3 Nf6 4. g3 g6 5. d4 exd4 6. Nxd4 Bg7 7. Nde2 O-O 8. Bg2 Re8 9. O-O d6 10. h3 Rb8 11. Re1 b5 12. a3 a5 13. f4 b4 14. e5 bxc3 15. Bxc6 cxb2 16. Bxb2 Bd7 17. exf6 Bxc6 18. fxg7 Rxb2 19. Nd4 Bd7 20. Qd2 Rxe1+ 21. Rxe1 Qf6 22. g4 Qh4 23. Kh2 Bxg4 24. Re8+ Kxg7 25. Qe3 Bxh3 26. Nf3 Qh5 27. Qc3+ Kh6 28. Ng5 Rxc2+ 29. Qxc2 Bf5+ 30. Kg3 Bxc2 31. Rf8 Bb3 32. Rh8 Kg7 33. Rb8 Qd1 34. f5 Qd3+ 35. Kf2 Qxf5+ 0-1


[Site "https://www.chess.com"]

[Event "Late Titled Tuesday Blitz February 8 2022"]
[White "Punin, Andrii"]
[Black "Kanyamarala, Tarun"]
[WhiteFideId "14112639"]
[BlackFideId "45004714"]
[WhiteElo "2357"]
[BlackElo "2144"]
[Result "1-0"]
[Round "10"]
[TimeControl "180+1"]
[Date "2022.02.08"]
[WhiteClock "0:01:15"]
[BlackClock "0:00:49"]

1. e4 c5 2. Be2 Nc6 3. f4 g6 4. Nf3 Bg7 5. c3 Nf6 6. d3 d6 7. O-O O-O 8. Kh1 Rb8 9. Be3 b5 10. a3 a5 11. Nbd2 Ba6 12. d4 cxd4 13. cxd4 d5 14. e5 Ne8 15. Rc1 Rc8 16. Nb3 e6 17. Nc5 Ra8 18. Nxa6 Rxa6 19. Bxb5 Qa8 20. Bxa6 Qxa6 21. Qc2 Ne7 22. g4 h5 23. h3 f6 24. Kg2 fxe5 25. fxe5 Nc7 26. Qxc7 Qe2+ 27. Rf2 Qxe3 28. Rc3 Qf4 29. Qxe7 Rf7 30. Qxe6 h4 31. Rc8+ Kh7 32. Qxf7 Qg3+ 33. Kf1 Qxh3+ 34. Ke1 Qxg4 35. Rc3 Kh6 36. Qe7 g5 37. Qxg5+ Qxg5 38. Nxg5 Kxg5 39. Rg2+ 1-0


[Site "https://www.chess.com"]

[Event "Late Titled Tuesday Blitz February 8 2022"]
[White "Quirke, Jeffrey"]
[Black "Bauer, Thomas"]
[WhiteFideId "2013029"]
[BlackFideId "1639293"]
[WhiteElo "2274"]
[BlackElo "2220"]
[Result "0-1"]
[Round "10"]
[TimeControl "180+1"]
[Date "2022.02.09"]
[WhiteClock "0:00:01"]
[BlackClock "0:00:30"]

1. d4 e6 2. c4 c5 3. d5 g6 4. Nc3 Bg7 5. e4 d6 6. Bd3 Nd7 7. h3 a6 8. a4 Ne5 9. Be2 f5 10. dxe6 Bxe6 11. exf5 Bxf5 12. Nf3 Ne7 13. O-O O-O 14. Nxe5 dxe5 15. Bf3 Nc6 16. Bd5+ Kh8 17. Be3 Nd4 18. Ne4 Qc7 19. Ng5 h6 20. Bxd4 cxd4 21. Ne6 Bxe6 22. Bxe6 Rae8 23. Bd5 e4 24. Qb3 Re7 25. Rae1 Qf4 26. Qb4 Rfe8 27. c5 Qf5 28. Qc4 Rd8 29. Bxe4 Rxe4 30. Rxe4 Qxe4 31. b4 Qe7 32. b5 axb5 33. axb5 Rc8 34. Rc1 Qg5 35. c6 bxc6 36. bxc6 Be5 37. Re1 Qf4 38. g3 Qf6 39. Qd5 Bc7 0-1


[Site "https://www.chess.com"]

[Event "Late Titled Tuesday Blitz February 8 2022"]
[White "Ramirez, Alejandro"]
[Black "Pulvett Marin, Daniel Eduardo"]
[WhiteFideId "6500617"]
[BlackFideId "3900410"]
[WhiteElo "2694"]
[BlackElo "2413"]
[Result "1-0"]
[Round "10"]
[TimeControl "180+1"]
[Date "2022.02.08"]
[WhiteClock "0:00:38"]
[BlackClock "0:00:04"]

1. b3 d5 2. Bb2 Bg4 3. f3 Bf5 4. e3 Nd7 5. Ne2 e5 6. d4 Bb4+ 7. Kf2 e4 8. Ng3 Qh4 9. fxe4 Bxe4 10. Qh5 Qxh5 11. Nxh5 g6 12. c3 Bd6 13. Ng3 Ngf6 14. Be2 Bxg3+ 15. Kxg3 Bxb1 16. Raxb1 Ne4+ 17. Kf4 Nf8 18. Rbd1 Ne6+ 19. Kf3 N6g5+ 20. Kf4 Ne6+ 21. Kf3 f5 22. h4 h6 23. c4 c6 24. Ba3 Kf7 25. Rc1 g5 26. g4 fxg4+ 27. Kg2 gxh4 28. Rcf1+ Kg6 29. Bxg4 N6g5 30. Rxh4 h5 31. Bf5+ Kh6 32. Be7 Rhg8 33. Rfh1 Nh3+ 34. Kxh3 Nf2+ 35. Kh2 Nxh1 36. Kxh1 Rae8 37. Bd6 Kg5 38. Rf4 Rxe3 39. Rf1 Kh4 40. Be5 Re2 41. Be6 Rg6 42. cxd5 1-0


[Site "https://www.chess.com"]

[Event "Late Titled Tuesday Blitz February 8 2022"]
[White "Reprintsev, Alexander"]
[Black "Yang, Cayden"]
[WhiteFideId "14100541"]
[BlackFideId "30967260"]
[WhiteElo "2126"]
[BlackElo "2611"]
[Result "1-0"]
[Round "10"]
[TimeControl "180+1"]
[Date "2022.02.09"]
[WhiteClock "0:00:45"]
[BlackClock "0:00:04"]

1. e4 e5 2. Nf3 Nc6 3. Bc4 Nf6 4. Ng5 d5 5. exd5 Na5 6. Bb5+ c6 7. dxc6 bxc6 8. Qf3 Bd7 9. Bd3 Be7 10. Nc3 O-O 11. h4 h6 12. Nge4 Nd5 13. Ng3 Nf4 14. Bf5 Bxf5 15. Nxf5 Bf6 16. d3 Ne6 17. Rh3 Kh7 18. Ne4 Nb7 19. Nxh6 Nd4 20. Nxf6+ Qxf6 21. Qxf6 gxf6 22. Kd1 Nd6 23. c3 Ne6 24. Ng4 f5 25. Nxe5 Rg8 26. g3 f4 27. Bd2 Nf5 28. g4 Nd6 29. f3 f6 30. Nc4 Nxc4 31. dxc4 Rad8 32. Kc2 Rd7 33. Re1 Rgd8 34. Rh2 Nc5 35. Bxf4 Nd3 36. Re4 a5 37. Bg3 Nc5 38. Rd4 1-0


[Site "https://www.chess.com"]

[Event "Late Titled Tuesday Blitz February 8 2022"]
[White "Riehle, Marco"]
[Black "Migot, Tangi"]
[WhiteFideId "12904392"]
[BlackFideId "662445"]
[WhiteElo "2462"]
[BlackElo "2543"]
[Result "1-0"]
[Round "10"]
[TimeControl "180+1"]
[Date "2022.02.09"]
[WhiteClock "0:01:06"]
[BlackClock "0:00:14"]

1. e4 c6 2. c4 Na6 3. d4 d5 4. cxd5 cxd5 5. exd5 Nc7 6. Nc3 Nf6 7. Nf3 Nfxd5 8. Bc4 e6 9. O-O Be7 10. Ne5 O-O 11. Qf3 Nb6 12. Bd3 Qxd4 13. Bf4 Ncd5 14. Bg3 Bf6 15. Rad1 Bxe5 16. Bxh7+ Kxh7 17. Rxd4 Bxd4 18. Qe4+ Kg8 19. Qxd4 Bd7 20. Ne4 Rac8 21. h3 Rc2 22. Ng5 f6 23. Qd3 fxg5 24. Qxc2 Rc8 25. Qe4 Rc4 26. Qe5 g4 27. hxg4 Rxg4 28. Qb8+ Kh7 29. Qxb7 Rc4 30. Qxa7 Ra4 31. Qb7 Rxa2 32. Be5 Ra8 33. Rd1 Rd8 34. Bc7 Bc8 35. Qc6 Rd6 1-0


[Site "https://www.chess.com"]

[Event "Late Titled Tuesday Blitz February 8 2022"]
[White "Sadhwani, Raunak"]
[Black "Zierk, Steven"]
[WhiteFideId "35093487"]
[BlackFideId "2034255"]
[WhiteElo "2616"]
[BlackElo "2494"]
[Result "1-0"]
[Round "10"]
[TimeControl "180+1"]
[Date "2022.02.08"]
[WhiteClock "0:01:57"]
[BlackClock "0:01:10"]

1. d4 d5 2. Nf3 Nf6 3. Bf4 c5 4. e3 e6 5. c3 Bd6 6. Nbd2 O-O 7. Bd3 Qc7 8. Bxd6 Qxd6 9. Ne5 b6 10. Qf3 Ba6 11. Bc2 Nc6 12. Qg3 Rac8 13. O-O-O Qc7 14. Kb1 cxd4 15. Nxc6 d3 16. Ba4 b5 17. Qxc7 Rxc7 18. Nb4 bxa4 19. Nxa6 Rcc8 20. Nb4 Ne4 21. Nxd3 a3 22. Nxe4 dxe4 1-0


[Site "https://www.chess.com"]

[Event "Late Titled Tuesday Blitz February 8 2022"]
[White "Sarkar, Justin"]
[Black "Baker, Chris W"]
[WhiteFideId "2010011"]
[BlackFideId "401676"]
[WhiteElo "2038"]
[BlackElo "2144"]
[Result "0-1"]
[Round "10"]
[TimeControl "180+1"]
[Date "2022.02.09"]
[WhiteClock "0:00:02"]
[BlackClock "0:01:31"]

1. d4 e6 2. c4 f5 3. g3 Nf6 4. Bg2 Be7 5. Nf3 O-O 6. O-O d6 7. Nc3 Ne4 8. Nxe4 fxe4 9. Nd2 d5 10. f3 Nc6 11. e3 exf3 12. Rxf3 Bf6 13. Rb1 e5 14. cxd5 Nb4 15. Qb3 a5 16. a3 Na6 17. d6+ Kh8 18. dxe5 Bxe5 19. dxc7 Bxc7 20. Rxf8+ Qxf8 21. Nf3 Bf5 22. Ra1 Nc5 23. Qb5 Bd3 0-1


[Site "https://www.chess.com"]

[Event "Late Titled Tuesday Blitz February 8 2022"]
[White "Shevchenko, Kirill"]
[Black "Svane, Rasmus"]
[WhiteFideId "14129574"]
[BlackFideId "4657101"]
[WhiteElo "2624"]
[BlackElo "2645"]
[Result "1-0"]
[Round "10"]
[TimeControl "180+1"]
[Date "2022.02.08"]
[WhiteClock "0:00:50"]
[BlackClock "0:00:04"]

1. e4 c6 2. d4 d5 3. exd5 cxd5 4. c4 Nf6 5. Nc3 Nc6 6. Nf3 a6 7. cxd5 Nxd5 8. Bd3 g6 9. Be4 Nxc3 10. bxc3 Bg7 11. O-O O-O 12. Re1 Na5 13. Bg5 Re8 14. Qc1 Nc4 15. h4 Nd6 16. Bd5 Bf5 17. h5 Rc8 18. Ne5 gxh5 19. Qf4 Bg6 20. c4 b6 21. Rac1 Qc7 22. c5 bxc5 23. Rxc5 Qb6 24. Rxc8 Rxc8 25. Bxe7 Bxe5 26. Qxe5 Nf5 27. Bc5 Qc7 28. Qf6 Qd8 29. Bxf7+ Bxf7 30. Qxf5 Qd5 31. Qxc8+ 1-0


[Site "https://www.chess.com"]

[Event "Late Titled Tuesday Blitz February 8 2022"]
[White "Shoker, Samy"]
[Black "Gomez Ledo, Roberto Carlos"]
[WhiteFideId "627143"]
[BlackFideId "3507076"]
[WhiteElo "2493"]
[BlackElo "2379"]
[Result "0-1"]
[Round "10"]
[TimeControl "180+1"]
[Date "2022.02.08"]
[WhiteClock "0:00:28"]
[BlackClock "0:00:09"]

1. Nf3 Nf6 2. g3 d5 3. Bg2 e6 4. O-O Be7 5. c4 O-O 6. b3 b6 7. Bb2 c5 8. e3 Nc6 9. Nc3 Ba6 10. Qe2 Rc8 11. Rfd1 Qd7 12. Rac1 Rfd8 13. d3 Qb7 14. Nb5 Qb8 15. d4 dxc4 16. bxc4 Na5 17. Ne5 cxd4 18. Nxd4 Qxe5 19. Nc6 Rxd1+ 20. Rxd1 Qc7 21. Be5 Qxc6 22. Bxc6 Nxc6 23. Bxf6 Bxf6 24. f4 Na5 25. Rd7 Bxc4 26. Qd2 Nc6 27. Qd6 Bd5 28. a4 h6 29. g4 Rd8 30. Rxd8+ Bxd8 31. Kf2 Be7 32. Qd7 g6 33. Kg3 Bc5 34. Kf2 Kg7 35. h4 Nb4 36. Qxa7 Nc2 37. Ke2 Bxe3 38. Kd3 Bb3 39. Kc3 Nd4 40. g5 hxg5 41. fxg5 Bd1 42. Kd3 Bg1 43. Qc7 Bxa4 44. Qe5+ Kg8 45. Qb8+ Kg7 46. Qe5+ Kh7 47. Qf6 Be8 48. Qe7 Bb5+ 49. Kc3 Kg8 50. Qd8+ Kg7 51. Qf6+ Kg8 52. Kb2 Nf5 53. Qd8+ Kg7 54. Qf6+ Kg8 55. h5 Bd4+ 56. Kb3 Bxf6 57. gxf6 gxh5 58. Kb4 h4 59. Kc3 h3 60. Kd2 h2 61. Kc3 h1=Q 62. Kb4 Qc6 63. Kb3 Qc4+ 64. Ka3 Qa4+ 65. Kb2 Bc4 66. Kc3 Qb3+ 67. Kd2 Qd3+ 68. Ke1 Qe2# 0-1


[Site "https://www.chess.com"]

[Event "Late Titled Tuesday Blitz February 8 2022"]
[White "Solon, Nathan"]
[Black "Stankovic, Ivan G"]
[WhiteFideId "2017229"]
[BlackFideId "902837"]
[WhiteElo "2564"]
[BlackElo "2195"]
[Result "0-1"]
[Round "10"]
[TimeControl "180+1"]
[Date "2022.02.09"]
[WhiteClock "0:00:11"]
[BlackClock "0:00:07"]

1. d4 d5 2. c4 c6 3. cxd5 cxd5 4. Nc3 Nf6 5. Bg5 Ne4 6. Nxe4 dxe4 7. a3 h6 8. Bf4 Bf5 9. e3 e6 10. Ne2 Nc6 11. Nc3 g5 12. Bg3 Bg7 13. Be2 O-O 14. O-O Bg6 15. Qb3 Na5 16. Qa4 a6 17. Rfd1 b5 18. Qc2 Rc8 19. Rac1 h5 20. h3 f5 21. Be5 g4 22. Bxg7 Kxg7 23. d5 e5 24. d6 Qg5 25. d7 gxh3 26. g3 Rcd8 27. Kh2 f4 28. Nxe4 fxg3+ 29. fxg3 Rf2+ 30. Nxf2 Bxc2 31. Rxc2 h4 32. Rg1 Qxe3 33. gxh4+ Kh8 34. Bg4 Qf4+ 35. Kh1 Nc4 36. Re2 Ne3 37. Nxh3 Qe4+ 38. Kh2 Rg8 39. Rxe3 Qxe3 40. Ng5 Qd2+ 41. Rg2 Qf4+ 42. Kh3 e4 43. Ne6 Qe3+ 44. Rg3 Qe1 45. d8=Q Qh1# 0-1


[Site "https://www.chess.com"]

[Event "Late Titled Tuesday Blitz February 8 2022"]
[White "Song, Guannan Terry"]
[Black "Kraus, Tomas"]
[WhiteFideId "2614189"]
[BlackFideId "331708"]
[WhiteElo "2115"]
[BlackElo "2389"]
[Result "0-1"]
[Round "10"]
[TimeControl "180+1"]
[Date "2022.02.09"]
[WhiteClock "0:01:56"]
[BlackClock "0:00:16"]

1. e4 e6 2. d4 d5 3. Nc3 Nf6 4. Bg5 dxe4 5. Nxe4 Be7 6. Bxf6 Bxf6 7. Nf3 b6 8. Bb5+ c6 9. Bd3 Bb7 10. Qe2 O-O 11. O-O-O Nd7 12. g4 Qc7 13. g5 Qf4+ 14. Kb1 Be7 15. Rhg1 c5 16. h4 c4 17. Nf6+ Nxf6 18. gxf6 Bxf6 19. Bxh7+ Kxh7 20. Ng5+ Bxg5 21. hxg5 Bf3 22. g6+ fxg6 23. Qxe6 Bxd1 24. Rh1+ Bh5 25. Qxc4 Qxf2 26. a4 Rac8 27. Qb3 Qf3 28. Qg8+ Kh6 29. Rxh5+ gxh5 30. Qh8+ Kg6 31. b4 a5 32. c4 axb4 33. d5 b3 34. c5 Qf2 35. a5 Qc2+ 36. Ka1 b2+ 37. Ka2 b1=Q+ 38. Ka3 Qba2+ 39. Kb4 Qca4+ 40. Kc3 Qxa5+ 41. Kd4 Qxc5+ 42. Ke5 Qe7+ 43. Kd4 Rc4+ 44. Kd3 Rxh8 45. d6 Qe1 46. d7 Qad2+ 47. Kxc4 Rc8+ 48. Kb5 Rc5+ 49. Ka6 Qa5+ 50. Kb7 Qeb4 51. d8=N Qe4+ 52. Kb8 Qb7+ 53. Nxb7 Qa7+ 54. Kxa7 Rd5 55. Kxb6 h4 56. Kc6 Rf5 57. Kd6 Rf6+ 58. Kc7 Rf7+ 59. Kb8 Rxb7+ 60. Ka8 h3 61. Kxb7 h2 62. Kb8 h1=Q 63. Kc7 Qd5 64. Kb6 Kf6 65. Kc7 Ke5 66. Kb6 g6 67. Kc7 g5 68. Kb6 g4 69. Kc7 g3 70. Kb6 g2 71. Kc7 g1=Q 72. Kb8 Qf2 73. Kc7 Qff3 74. Kb8 Qe3 75. Kc7 Qc3+ 76. Kb6 Qdb3+ 77. Ka7 Qa1# 0-1


[Site "https://www.chess.com"]

[Event "Late Titled Tuesday Blitz February 8 2022"]
[White "Stanisz, Patryk"]
[Black "Pavlidou, Ekaterini"]
[WhiteFideId "1123106"]
[BlackFideId "4213262"]
[WhiteElo "1876"]
[BlackElo "2127"]
[Result "0-1"]
[Round "10"]
[TimeControl "180+1"]
[Date "2022.02.09"]
[WhiteClock "0:00:02"]
[BlackClock "0:00:39"]

1. Nf3 Nf6 2. c4 g6 3. b3 Bg7 4. Bb2 O-O 5. g3 d6 6. Bg2 e5 7. d3 c6 8. O-O Bg4 9. Nbd2 Qd7 10. Re1 Na6 11. a3 Nc7 12. Qc2 Rae8 13. e4 Bh3 14. Bh1 h6 15. b4 c5 16. bxc5 Ng4 17. cxd6 Qxd6 18. c5 Qd7 19. Nc4 Re6 20. Rad1 f5 21. exf5 Rxf5 22. Nd6 Rxd6 23. cxd6 Qxd6 24. Re2 Ne6 25. Nh4 Rg5 26. Qc4 Kh7 27. Be4 Nf4 28. gxf4 Ne3+ 29. fxg5 Nxc4 30. Nxg6 Kg8 31. Bc3 Nxa3 32. Re3 Nb5 33. Bd5+ Kh7 34. Be4 Nxc3 35. Ne7+ Nxe4 36. g6+ Kh8 37. Nc8 Qxg6+ 38. Rg3 Nxg3 39. hxg3 Bxc8 40. Rc1 Be6 41. Rc7 Qxd3 42. Kh2 Bd5 43. Rc8+ Kh7 44. Rh8+ Kxh8 0-1


[Site "https://www.chess.com"]

[Event "Late Titled Tuesday Blitz February 8 2022"]
[White "Sviridov, Valery"]
[Black "Nepomniachtchi, Ian"]
[WhiteFideId "4120680"]
[BlackFideId "4168119"]
[WhiteElo "2454"]
[BlackElo "2740"]
[Result "0-1"]
[Round "10"]
[TimeControl "180+1"]
[Date "2022.02.08"]
[WhiteClock "0:00:04"]
[BlackClock "0:00:16"]

1. b3 d5 2. Bb2 Bg4 3. g3 e6 4. Bg2 Nf6 5. Nf3 Nbd7 6. O-O Bd6 7. c4 c6 8. d3 O-O 9. Nbd2 Re8 10. a3 a5 11. Qc2 e5 12. h3 Bh5 13. Nh4 Rc8 14. Rfe1 b5 15. e3 Bb8 16. Rac1 Nb6 17. g4 Bg6 18. Nxg6 hxg6 19. Bc3 Nbd7 20. Bb2 Rc7 21. Bc3 Ra7 22. Bb2 bxc4 23. bxc4 a4 24. cxd5 cxd5 25. g5 Nh7 26. h4 Nb6 27. Qc6 Nf8 28. Rb1 Re6 29. Qb5 Nfd7 30. Bc3 e4 31. dxe4 Qc7 32. Bd4 Qh2+ 33. Kf1 dxe4 34. Rec1 Qxh4 35. Nxe4 Rc7 36. Rxc7 Bxc7 37. Rc1 Be5 38. Bxb6 Nxb6 39. Qe2 Qh2 40. Rb1 Bc7 41. Qf3 Qe5 42. Qd1 Re8 43. Qd4 Qe6 44. Nc3 Rd8 45. Qc5 Qc4+ 46. Qxc4 Nxc4 47. Rc1 Nxa3 48. Nxa4 Bd6 49. Nb6 Bf8 50. Nd5 Nb5 51. Ke2 Nd6 52. Rc7 Nf5 53. Be4 Nd6 54. Bf3 Re8 55. Rd7 Nf5 56. Bg4 Nd4+ 57. Kf1 Nc6 58. Rc7 Ne5 59. Be2 Rd8 60. Nf4 Bd6 61. Rb7 Rc8 62. Nd3 Nc4 63. Bf3 Nd2+ 64. Ke2 Nc4 65. Bd5 Ne5 66. Nxe5 Bxe5 67. Bxf7+ Kf8 68. Bxg6 Ba1 69. f4 Rc6 70. Be4 Rc8 71. Kf3 Rd8 72. Ra7 Bb2 73. Ra2 Bc1 74. Rc2 Bd2 75. Rc5 Rb8 76. Rf5+ Ke7 77. Re5+ Kf8 78. Bd5 Bc3 79. Rf5+ Ke7 80. Rf7+ Kd6 81. e4 Bd4 82. Kg4 Rh8 83. Kf5 Rh4 84. Rb7 Be3 85. Kg6 Rxf4 86. Kxg7 Bd4+ 87. Kg6 Rf1 88. Rf7 Rg1 89. Rf5 Be5 90. Kf7 Ra1 91. Kg6 Ra7 92. Rf7 Ra1 93. Rb7 Rg1 94. Rb6+ Kc5 95. Re6 Bb2 96. Rc6+ Kd4 97. Rb6 Bc3 98. Kf5 Rf1+ 99. Ke6 Rg1 100. Kf5 Rf1+ 101. Kg6 Rg1 102. Rf6 Kc5 103. Rf5 Kd6 104. Kf7 Ra1 105. Rf6+ Bxf6 106. gxf6 Ke5 107. Kg7 Rg1+ 108. Kf7 Rf1 109. Ke7 Rxf6 110. Kd7 Rb6 111. Kc7 Rh6 112. Kd7 Rh7+ 113. Kc6 Re7 114. Kc5 Rc7+ 115. Kb4 Kd6 116. Kb3 Rc8 117. Kb4 Rb8+ 118. Ka3 Ke5 119. Ka4 Kd4 120. Ka3 Kc5 121. Ka4 Rb4+ 122. Ka3 Rb1 123. Ka4 Rg1 124. Ka3 Rg3+ 125. Ka4 Rh3 126. Be6 Rf3 127. Bd5 Re3 128. Bb7 Re1 129. Bd5 Re2 130. Bb7 Re3 131. Bd5 Re1 132. Bb7 Ra1+ 0-1


[Site "https://www.chess.com"]

[Event "Late Titled Tuesday Blitz February 8 2022"]
[White "Taichman, Ori"]
[Black "Yuan, Qingyu"]
[WhiteFideId "2804069"]
[BlackFideId "8609772"]
[WhiteElo "2227"]
[BlackElo "2359"]
[Result "1-0"]
[Round "10"]
[TimeControl "180+1"]
[Date "2022.02.08"]
[WhiteClock "0:00:07"]
[BlackClock "0:00:04"]

1. e4 c6 2. d4 d5 3. e5 c5 4. dxc5 e6 5. a3 Bxc5 6. b4 Be7 7. Bb2 f6 8. Nf3 a5 9. b5 Nd7 10. Bd3 Nh6 11. O-O Nf7 12. exf6 Bxf6 13. Bxf6 Qxf6 14. Nbd2 e5 15. Re1 O-O 16. c4 e4 17. Bxe4 dxe4 18. Nxe4 Qb6 19. Qd5 Nf6 20. Nxf6+ Qxf6 21. c5 Rd8 22. Rad1 h6 23. Qe4 Rf8 24. h4 Rb8 25. Qd5 Bg4 26. Ne5 Bxd1 27. Nd7 Qxh4 28. Nxf8 Bg4 29. Ng6 Qf6 30. Ne7+ Kh8 31. f3 Bc8 32. b6 Kh7 33. Qd3+ g6 34. Nd5 Qd8 35. Re7 Bf5 36. Qd4 Kg8 37. Nf6+ Kf8 38. Nd5 Qxe7 39. Nxe7 Kxe7 40. g4 Be6 41. Qe4 g5 42. a4 Nd8 43. Qe5 Nc6 44. Qg7+ Bf7 45. Qxh6 Rg8 46. Qd6+ Ke8 47. Qc7 Bd5 48. Qxb7 Rf8 49. Qc8+ Ke7 50. Qc7+ Ke8 51. b7 Rf7 52. b8=Q+ Nxb8 53. Qxb8+ Kd7 54. Qd6+ Kc8 55. Qxd5 Rd7 56. Qc6+ Kd8 57. Qb6+ Kc8 58. Qxa5 Ra7 59. Qxa7 1-0


[Site "https://www.chess.com"]

[Event "Late Titled Tuesday Blitz February 8 2022"]
[White "Tang, Andrew"]
[Black "Pakleza, Zbigniew"]
[WhiteFideId "2059630"]
[BlackFideId "1119290"]
[WhiteElo "2584"]
[BlackElo "2467"]
[Result "1-0"]
[Round "10"]
[TimeControl "180+1"]
[Date "2022.02.08"]
[WhiteClock "0:00:22"]
[BlackClock "0:00:01"]

1. d4 d6 2. c4 e5 3. Nf3 exd4 4. Nxd4 g6 5. g3 Bg7 6. Bg2 Ne7 7. O-O O-O 8. Nc3 Nd7 9. Qd2 Nb6 10. b3 a5 11. Bb2 a4 12. Rad1 Re8 13. Rfe1 c6 14. Qc1 Qc7 15. Ndb5 cxb5 16. Nxb5 Qc5 17. Bxg7 Kxg7 18. Nxd6 Rf8 19. Qc3+ f6 20. b4 Qc7 21. c5 Nd7 22. Rd2 Ne5 23. f4 Nf7 24. Ne4 Nh6 25. Red1 Bf5 26. Nd6 Rab8 27. h3 b6 28. g4 Be6 29. g5 Nhg8 30. e3 bxc5 31. bxc5 h6 32. h4 Nf5 33. Bh3 Qe7 34. Bxf5 gxf5 35. c6 hxg5 36. hxg5 Qc7 37. Rg2 Kh7 38. Kf2 1-0


[Site "https://www.chess.com"]

[Event "Late Titled Tuesday Blitz February 8 2022"]
[White "Terletsky, Oleg"]
[Black "Levine, David"]
[WhiteFideId "14116774"]
[BlackFideId "2011611"]
[WhiteElo "2050"]
[BlackElo "2138"]
[Result "1-0"]
[Round "10"]
[TimeControl "180+1"]
[Date "2022.02.09"]
[WhiteClock "0:00:27"]
[BlackClock "0:00:03"]

1. e4 e5 2. Nf3 Nc6 3. Nc3 Nf6 4. d4 exd4 5. Nxd4 Bb4 6. Nxc6 bxc6 7. Bd3 d5 8. exd5 cxd5 9. O-O O-O 10. Bg5 c6 11. Qf3 Bd6 12. Bxf6 Qxf6 13. Qxf6 gxf6 14. Ne2 Rb8 15. b3 Be5 16. Rad1 a5 17. a4 Be6 18. Ng3 Rfe8 19. Nf5 Bc3 20. f4 Bxf5 21. Bxf5 Re3 22. Rd3 Rbe8 23. g3 Rxd3 24. Bxd3 Re7 25. Kg2 Kg7 26. Kf3 h6 27. Kg4 Re3 28. Kf5 c5 29. Bb5 d4 30. Bc4 Bb2 31. Rf2 Bc3 32. Rg2 Be1 33. g4 Bc3 34. h4 Re1 35. g5 hxg5 36. fxg5 Re5+ 37. Kg4 fxg5 38. hxg5 f6 39. gxf6+ Kxf6 40. Rf2+ Ke7 41. Rf7+ Kd6 42. Rf6+ Ke7 43. Rc6 Bb4 44. Bd3 Re1 45. Kf5 Re3 46. Be4 1-0


[Site "https://www.chess.com"]

[Event "Late Titled Tuesday Blitz February 8 2022"]
[White "Timofeev, Artyom"]
[Black "Goryachkina, Aleksandra"]
[WhiteFideId "4140419"]
[BlackFideId "4147103"]
[WhiteElo "2583"]
[BlackElo "2426"]
[Result "1-0"]
[Round "10"]
[TimeControl "180+1"]
[Date "2022.02.08"]
[WhiteClock "0:00:22"]
[BlackClock "0:00:01"]

1. d4 Nf6 2. Nf3 d5 3. c4 e6 4. Nc3 Nbd7 5. Bg5 Be7 6. e3 h6 7. Bh4 O-O 8. Rc1 dxc4 9. Bxc4 a6 10. Ne5 Nxe5 11. dxe5 Nd7 12. Bxe7 Qxe7 13. f4 b5 14. Be2 Bb7 15. O-O Nb6 16. Bf3 Bxf3 17. Qxf3 Nc4 18. Qe2 f5 19. exf6 Qxf6 20. b3 Nd6 21. h3 Rad8 22. Kh2 c5 23. e4 Qe7 24. Qe3 c4 25. Ne2 e5 26. f5 Qg5 27. Qf3 Rc8 28. Rfd1 Rfd8 29. Rd5 Qe7 30. Rcd1 Nf7 31. Nc3 cxb3 32. axb3 Ng5 33. Qe3 Rxd5 34. Nxd5 Qc5 35. Qd3 Kh8 36. f6 gxf6 37. Qg3 Qc2 38. Rf1 Nxe4 39. Qg6 Rc6 40. Ne7 1-0


[Site "https://www.chess.com"]